 Dungeon Crawl Stone Soup version 0.19.3-4-gbf9329e (webtiles) character file.

130 pib the Ruffian (level 4, -10/38 HPs)
             Began as a Draconian Transmuter on Jan 29, 2017.
             Was an Initiate of Sif Muna.
             Killed by divine providence
             ... invoked by an orc priest
              (16 damage)
             ... on level 3 of the Dungeon.
             The game lasted 00:09:33 (3249 turns).

pib the Ruffian (Draconian Transmuter)              Turns: 3249, Time: 00:09:33

Health: -10/38     AC:  6    Str: 12    XL:     4   Next: 90%
Magic:  3/7        EV: 12    Int: 15    God:    Sif Muna [......]
Gold:   51         SH:  3    Dex: 11    Spells: 3 memorised, 1 level left

rFire  . . .     SeeInvis .       - Unarmed
rCold  . . .     Gourm    .     (armour unavailable)
rNeg   . . .     Faith    .     (no shield)
rPois  .         Spirit   .     (helmet restricted)
rElec  .         Reflect  +     e - +0 cloak
rCorr  .         Harm     .     (no gloves)
MR     .....                    (no boots)
Stlth  +.........               l - +3 amulet of reflection (curse)
                                (no ring)
                                (no ring)

@: no status effects
A: unfitting armour, cold-blooded, AC +5
a: Renounce Religion


You were on level 3 of the Dungeon.
You worshipped Sif Muna.
Sif Muna was noncommittal.
You were not hungry.

You visited 1 branch of the dungeon, and saw 3 of its levels.

You collected 51 gold pieces.

Inventory:

Missiles
 a - 19 arrows
 f - 114 stones (quivered)
Armour
 e - a +0 cloak (worn)
Jewellery
 j - an uncursed amulet of the gourmand
 l - a cursed +3 amulet of reflection (around neck)
Wands
 r - a wand of random effects (31/48)
Scrolls
 h - a scroll of blinking {unknown}
 m - 2 scrolls of remove curse {unknown}
 p - a scroll of amnesia {unknown}
Potions
 i - a potion of agility {unknown}
 k - 2 potions of curing {unknown}
 n - a potion of might {unknown}
 o - a potion of mutation {unknown}
 q - 2 potions of flight {unknown}
Books
 b - a book of Changes

   Spells                             Type                      Level
   a - Beastly Appendage              Transmutation                1
   b - Sticks to Snakes               Transmutation                2
   c - Spider Form                    Transmutation/Poison         3
   d - Ice Form                       Ice/Transmutation            4
   e - Blade Hands                    Transmutation                5
Comestibles
 c - 4 bread rations
 d - a meat ration
 g - 2 chunks of flesh


   Skills:
 + Level 3.3 Fighting
 - Level 1.7 Dodging
 + Level 4.3 Unarmed Combat
 + Level 2.2 Spellcasting
 + Level 2.3 Transmutations


You had one spell level left.
You knew the following spells:

 Your Spells              Type           Power        Failure   Level  Hunger
a - Beastly Appendage     Tmut           #.....       12%         1    #......
b - Sticks to Snakes      Tmut           #.......     14%         2    ###....
c - Spider Form           Tmut/Pois      #.........   43%         3    ###....


Dungeon Overview and Level Annotations

Branches:
Dungeon (3/15)

Altars:
Qazlal
Sif Muna
Yredelemnul
Beogh


Innate Abilities, Weirdness & Mutations

Your plain brown scales are hard. (AC +5)
You cannot fit into any form of body armour.
You are cold-blooded and may be slowed by cold attacks.


Message History

Okay, then.
Your ball python bites the orc priest.
Your ball python constricts the orc priest.
The orc priest hits your ball python with a flail.
Your ball python dies!
Your adder closely misses the orc priest.
The orc priest hits your adder.
Casting: Sticks to Snakes
Confirm with . or Enter, or press ? or * to list all spells.
You create a snake!
You now have 19 arrows.
The orc priest closely misses your adder.
Your adder bites the orc priest.
Something closely misses your adder.
Your adder bites the orc priest.
The orc priest hits your adder. Something hits your ball python.
Your ball python dies!
The orc priest invokes the aid of Beogh against you.
Beogh smites you!
You die...

.####..###..(........#.#/.#######
.......# ###.#.......#.#..#......
####...# #.#.........#..#.#####
...#...#####.#.........#..#.#
...#....[)...#.#.......#..#.#
...#.....#####.#..#.#.##..#.# ##
.###.#.......#.#....#.....#.# #.
..[..#....##.#.#.######.....####.
######..)..#.#..@........#.....#.
#...<)#.####.######.#.....#[
#....<#.####..### #.#.....#'
#....##.........# #.#.......
####+###)..........# #.#.##....
#........#.........# ######....
###........#.....oS..# ##._ ##...
#..........#.........# #.8$ ####
#..........#.........# #$$o #...


You could see an orc priest and a friendly adder.

Vanquished Creatures
  2 gnolls
  An adder (D:2)
  2 worms
  2 dart slugs (D:1)
  4 orcs (D:3)
  6 giant cockroaches
  9 goblins
  15 hobgoblins
  9 kobolds
  A quokka (D:3)
  8 bats
  5 frilled lizards
  8 rats
72 creatures vanquished.

Vanquished Creatures (collateral kills)
  A gnoll (D:2)
  A bat (D:3)
2 creatures vanquished.

Grand Total: 74 creatures vanquished

Notes
Turn   | Place    | Note
-------+----------+-------------------------------------------
     0 | D:1      | pib the Draconian Transmuter began the quest for the Orb.
     0 | D:1      | Reached XP level 1. HP: 16/16 MP: 3/3
   365 | D:1      | Reached XP level 2. HP: 15/24 MP: 5/5
   712 | D:1      | Reached XP level 3. HP: 14/30 MP: 6/6
  1376 | D:2      | Learned a level 2 spell: Sticks to Snakes
  2252 | D:3      | Reached XP level 4. HP: 36/38 MP: 5/7
  2255 | D:3      | Reached skill level 4 in Unarmed Combat
  2350 | D:3      | Found a stormy altar of Qazlal.
  2403 | D:3      | Learned a level 3 spell: Spider Form
  2567 | D:3      | Found a deep blue altar of Sif Muna.
  3130 | D:3      | Found a basalt altar of Yredelemnul.
  3136 | D:3      | Became a worshipper of Sif Muna the Loreminder
  3223 | D:3      | Found a roughly hewn altar of Beogh.
  3249 | D:3      | Killed from afar by an orc priest

Skill      XL: |  1  2  3  4 |
---------------+-------------+-----
Fighting       | 2 3 |  3.3
Unarmed Combat | 4 |  4.3
Dodging        | |  1.7
Spellcasting   | |  2.2
Transmutations | |  2.3

Action                   |  1- 3 |  4- 6 || total
-------------------------+-------+-------++-------
Melee: Unarmed           |   165 |   123 ||   288
       Kick              |    12 |     5 ||    17
       Tailslap          |    11 |    12 ||    23
       Headbutt          |     6 |     4 ||    10
       Punch             |     5 |     1 ||     6
 Cast: Beastly Appendage |    15 |     7 ||    22
       Sticks to Snakes  |       |    10 ||    10
 Stab: Sleeping          |     1 |       ||     1
  Eat: Chunk             |     5 |     4 ||     9
Armor: Skin              |    43 |    55 ||    98
Dodge: Dodged            |    94 |    91 ||   185
Block: Other             |     4 |    21 ||    25
       Reflection        |     1 |       ||     1
